Bears vs Moose
Created - April 14, 2022 at 19:07
Goals
|
Bears |
2 |
1 |
1 |
4 |
Moose |
1 |
2 |
3 |
6 |
|
Shots
|
Bears |
19 |
14 |
12 |
45 |
Moose |
8 |
12 |
10 |
30 |
|
1st period
1. Bears , Nicolas Aube-Kubel 15 (Gianluca Curcuruto 7) at 5:35
2. Bears , Zach Stepan 16 (Austin Wuthrich 13, Taylor Aronson 22) at 8:22
3. Moose , Miro Aaltonen 35 (Troy Stetcher 58) at 16:29
Penalties :
No Penalty
2nd period
4. Moose , Nikolay Goldobin 21 (Michael McLeod 14) at 8:57
5. Moose , Justin Bailey 11 (Iiro Pakarinen 33, Tony DeAngelo 26) at 10:53
6. Bears , Mike Hoffman 35 (Nick Schmaltz 38, Sergey Kalinin 22) at 19:12 (PP)
Penalties :
Troy Stetcher (Man) for Interference (Minor) at 2:49, Michael McLeod (Man) for Hooking (Minor) at 11:34, Brendan Lemieux (Man) for Hooking (Minor) at 19:08
3rd period
7. Moose , Miro Aaltonen 36 (Sam Reinhart 15) at 1:56 (PP)
8. Moose , Chase De Leo 7 (Ludwig Bystrom 20, Mirco Mueller 7) at 9:27
9. Moose , Brendan Lemieux 22 (Troy Stetcher 59) at 12:38
10. Bears , Dominik Simon 9 (Taylor Aronson 23, Jake Allen) at 19:01 (PP)
Penalties :
Jamie McGinn (Her) for Holding (Minor) at 1:49, Brendan Lemieux (Man) for High sticking (Minor) at 6:29, Mathieu Joseph (Man) for Roughing (Minor) at 17:56
Goalie Stats
Jake Allen (Her), 24 saves from 30 shots - (0.800), L, 17-17-3, 60:00 minutes
Elvis Merzlikins (Man), 41 saves from 45 shots - (0.911), W, 20-14-7, 60:00 minutes
Players Stats for Bears
Player Name G A P +/- PIM S H SB GA TA FO MP PP MP PK MP
------------------------------------------------------------------------------------
Angelo Esposito 0 0 0 -1 0 2 0 0 0 0 8/16 12:58 0:24 0:00
Austin Wuthrich 0 1 1 1 0 0 2 0 0 0 0/0 11:40 0:24 0:00
Brendan Perlini 0 0 0 -1 0 0 0 0 1 0 0/0 2:35 1:19 0:07
Derek Forbort 0 0 0 0 0 0 0 2 0 1 0/0 16:40 0:02 0:00
Dominik Simon 1 0 1 -2 0 2 0 0 3 1 9/15 16:57 3:34 0:00
Gianluca Curcuruto 0 1 1 0 0 2 0 0 1 2 0/0 20:44 3:22 0:00
Jake Virtanen 0 0 0 -2 0 3 5 1 1 0 2/2 17:44 3:34 0:00
Jamie McGinn 0 0 0 0 2 6 1 2 0 0 1/1 21:35 0:00 0:00
Joey Laleggia 0 0 0 -2 0 2 1 2 0 1 0/0 26:25 3:42 0:07
Kerby Rychel 0 0 0 -1 0 3 3 0 0 0 0/0 18:26 2:54 0:00
Michael Prapavessis 0 0 0 -1 0 1 0 1 0 0 0/0 12:49 0:00 0:00
Mike Hoffman 1 0 1 -2 0 5 1 1 1 0 0/0 16:18 2:53 0:00
Nick Schmaltz 0 1 1 0 0 7 2 0 1 0 1/1 18:53 3:08 0:00
Nicolas Aube-Kubel 1 0 1 -1 0 2 1 0 0 2 0/1 12:34 0:00 0:00
Sergey Kalinin 0 1 1 -1 0 3 0 0 1 2 11/22 18:57 3:08 0:07
Taylor Aronson 0 2 2 -2 0 3 1 0 0 2 0/0 26:27 3:44 0:07
Tommy Vannelli 0 0 0 -1 0 3 0 1 0 1 0/0 16:55 3:22 0:00
Zach Stepan 1 0 1 1 0 1 1 0 0 0 5/7 11:15 0:00 0:00
Players Stats for Moose
Player Name G A P +/- PIM S H SB GA TA FO MP PP MP PK MP
------------------------------------------------------------------------------------
Brendan Lemieux 1 0 1 1 4 3 6 0 2 0 1/2 20:59 0:07 3:09
Carl Grundstrom 0 0 0 0 0 0 0 0 0 0 0/0 0:00 0:00 0:00
Chase De Leo 1 0 1 0 0 1 1 0 0 0 5/10 11:24 0:00 3:57
Dominik Kahun 0 0 0 1 0 3 1 0 1 0 5/10 18:07 0:00 1:35
Erik Cernak 0 0 0 0 0 1 3 0 0 0 0/0 17:59 0:00 3:25
Iiro Pakarinen 0 1 1 1 0 4 1 0 2 0 0/2 17:54 0:00 1:12
Justin Bailey 1 0 1 0 0 2 0 0 1 0 0/0 19:27 0:00 1:34
Ludwig Bystrom 0 1 1 1 0 3 0 0 0 0 0/0 15:42 0:00 3:41
Mathieu Joseph 0 0 0 2 2 0 3 2 0 1 0/0 16:59 0:00 0:00
Michael McLeod 0 1 1 1 2 1 1 0 0 1 3/10 13:27 0:00 1:47
Mirco Mueller 0 1 1 2 0 0 3 3 0 0 0/0 25:17 0:00 3:41
Miro Aaltonen 2 0 2 1 0 6 0 0 2 0 13/30 17:32 0:07 0:19
Nikolay Goldobin 1 0 1 1 0 1 0 1 0 0 0/0 11:35 0:00 0:39
Rem Pitlick 0 0 0 0 0 0 0 0 0 0 0/0 7:27 0:00 0:00
Sam Reinhart 0 1 1 1 0 3 0 0 2 2 1/1 17:54 0:07 0:00
Tony DeAngelo 0 1 1 1 0 0 2 2 2 1 0/0 20:20 0:07 0:00
Troy Stetcher 0 2 2 1 2 2 1 3 0 2 0/0 20:43 0:07 0:00
Vladislav Gavrikov 0 0 0 1 0 0 3 3 0 2 0/0 20:03 0:00 3:25
3 Stars
1 - Miro Aaltonen (Man)
2 - Mirco Mueller (Man)
3 - Nikolay Goldobin (Man)
Power Play
Bears - 2 on 5 Attempt(s) - 40.00%
Moose - 1 on 1 Attempt(s) - 100.00%
Penalty Kill
Bears - 0 on 1 Attempt(s) - 0.00%
- Score 0 goal in Penalty Kill
Moose - 3 on 5 Attempt(s) - 60.00%
- Score 0 goal in Penalty Kill
Team Stat
Bears - Hits : 18 - Faceoff Wins : 37 - Blocked Shots : 10 - Penalty Minutes : 2
Moose - Hits : 25 - Faceoff Wins : 28 - Blocked Shots : 14 - Penalty Minutes : 10
Official
Referees : Conor O'Donnell and Kendrick Nicholson
Linesman : Mark Shewchyk and Derek Nansen
Game Notes
No Game Note
Finance
Level 1 -- Attendance: 1772 (88.60%) -- Ticket Income $62,020
Level 2 -- Attendance: 1000 (100.00%) -- Ticket Income $15,000
Total Attendance: 2772 (92.40%)
Total Ticket Income: $77,020
Other Income: $3,851
Total Income: $80,871
Bears
5 vs 5 Forward
Center Left Wing Right Wing Time % Phy DF OF
1 Sergey Kalinin Kerby Rychel Nick Schmaltz 27 0 1 4
2 Dominik Simon Mike Hoffman Jake Virtanen 25 0 2 3
3 Angelo Esposito Jamie McGinn Nicolas Aube-Kubel 25 0 2 3
4 Zach Stepan Jamie McGinn Austin Wuthrich 23 0 2 3
5 vs 5 Defense
Defense Defense Time % Phy DF OF
1 Joey Laleggia Taylor Aronson 40 0 2 3
2 Gianluca Curcuruto Derek Forbort 30 0 2 3
3 Michael Prapavessis Tommy Vannelli 20 0 3 2
4 Joey Laleggia Taylor Aronson 10 0 2 3
PowerPlay Forward
Center Left Wing Right Wing Time % Phy DF OF
1 Sergey Kalinin Mike Hoffman Nick Schmaltz 60 0 1 4
2 Dominik Simon Kerby Rychel Jake Virtanen 40 0 1 4
PowerPlay Defense
Defense Defense Time % Phy DF OF
1 Joey Laleggia Taylor Aronson 60 0 2 3
2 Gianluca Curcuruto Tommy Vannelli 40 0 2 3
Penalty Kill 4 Players Forward
Center Wing Time % Phy DF OF
1 Sergey Kalinin Jamie McGinn 60 0 4 1
2 Zach Stepan Nick Schmaltz 40 0 4 1
Penalty Kill 4 Players Defense
Defense Defense Time % Phy DF OF
1 Joey Laleggia Taylor Aronson 60 0 4 1
2 Gianluca Curcuruto Derek Forbort 40 0 4 1
Penalty Kill - 3 Players Forward
Forward Time % Phy DF OF
1 Sergey Kalinin 60 0 5 0
2 Zach Stepan 40 0 5 0
Penalty Kill - 3 Players Defense
Defense Defense Time % Phy DF OF
1 Joey Laleggia Taylor Aronson 60 0 5 0
2 Gianluca Curcuruto Derek Forbort 40 0 5 0
4 vs 4 Forward
Center Wing Time % Phy DF OF
1 Sergey Kalinin Jake Virtanen 55 0 2 3
2 Dominik Simon Nick Schmaltz 45 0 2 3
4 vs 4 Defense
Defense Defense Time % Phy DF OF
1 Joey Laleggia Taylor Aronson 60 0 2 3
2 Gianluca Curcuruto Derek Forbort 40 0 2 3
Last Minutes Offensive
Center Left Wing Right Wing Defense Defense
Dominik Simon Kerby Rychel Nick Schmaltz Joey Laleggia Taylor Aronson
Last Minutes Defensive
Center Left Wing Right Wing Defense Defense
Sergey Kalinin Kerby Rychel Nick Schmaltz Joey Laleggia Taylor Aronson
Goaltenders
Starting : Jake Allen
Backup : Joni Ortio
Extra Forwards
Normal : Nick Schmaltz, Jake Virtanen, Sergey Kalinin - PP : Jake Virtanen, Nick Schmaltz - PK : Sergey Kalinin
Extra Defensemen
Normal : Joey Laleggia, Derek Forbort, Taylor Aronson - PP : Taylor Aronson - PK : Joey Laleggia, Taylor Aronson
Penalty Shots
Brendan Perlini, Dominik Simon, Jake Virtanen, Nicolas Aube-Kubel, Sergey Kalinin
Scratches
Brett Bulmer (Healthy), Caleb Jones (Healthy), Colby Cave (Healthy), Emil Johansson (Healthy), Jakob Lilja (Healthy)
Jesper Pettersson (Healthy), Mackenze Stewart (Healthy), Mikko Vainonen (Broken Right Foot Toe Injury), Nikolay Prokhorkin (Healthy), Ryan Graves (Healthy)
Vincent Dunn (Healthy), Warren Foegele (Healthy), Logan O'Connor (Healthy), Trent Frederic (Healthy), Nicholas Caamano (Healthy)
Jakob Stenqvist (Healthy), Arvid Henrikson (Healthy)
Moose
5 vs 5 Forward
Center Left Wing Right Wing Time % Phy DF OF
1 Miro Aaltonen Brendan Lemieux Sam Reinhart 40 1 2 2
2 Dominik Kahun Justin Bailey Iiro Pakarinen 30 1 2 2
3 Michael McLeod Nikolay Goldobin Mathieu Joseph 20 1 2 2
4 Chase De Leo Rem Pitlick Mathieu Joseph 10 1 2 2
5 vs 5 Defense
Defense Defense Time % Phy DF OF
1 Troy Stetcher Mirco Mueller 40 1 2 2
2 Vladislav Gavrikov Tony DeAngelo 30 1 2 2
3 Ludwig Bystrom Erik Cernak 20 1 2 2
4 Tony DeAngelo Erik Cernak 10 1 2 2
PowerPlay Forward
Center Left Wing Right Wing Time % Phy DF OF
1 Miro Aaltonen Brendan Lemieux Sam Reinhart 60 1 2 2
2 Dominik Kahun Justin Bailey Iiro Pakarinen 40 1 2 2
PowerPlay Defense
Defense Defense Time % Phy DF OF
1 Troy Stetcher Tony DeAngelo 60 1 2 2
2 Vladislav Gavrikov Ludwig Bystrom 40 1 2 2
Penalty Kill 4 Players Forward
Center Wing Time % Phy DF OF
1 Chase De Leo Brendan Lemieux 60 1 2 2
2 Michael McLeod Iiro Pakarinen 40 1 2 2
Penalty Kill 4 Players Defense
Defense Defense Time % Phy DF OF
1 Mirco Mueller Ludwig Bystrom 60 1 2 2
2 Vladislav Gavrikov Erik Cernak 40 1 2 2
Penalty Kill - 3 Players Forward
Forward Time % Phy DF OF
1 Iiro Pakarinen 60 1 2 2
2 Miro Aaltonen 40 1 2 2
Penalty Kill - 3 Players Defense
Defense Defense Time % Phy DF OF
1 Mirco Mueller Ludwig Bystrom 60 1 2 2
2 Vladislav Gavrikov Erik Cernak 40 1 2 2
4 vs 4 Forward
Center Wing Time % Phy DF OF
1 Miro Aaltonen Sam Reinhart 60 1 2 2
2 Dominik Kahun Brendan Lemieux 40 1 2 2
4 vs 4 Defense
Defense Defense Time % Phy DF OF
1 Troy Stetcher Ludwig Bystrom 60 1 2 2
2 Vladislav Gavrikov Tony DeAngelo 40 1 2 2
Last Minutes Offensive
Center Left Wing Right Wing Defense Defense
Miro Aaltonen Brendan Lemieux Sam Reinhart Troy Stetcher Tony DeAngelo
Last Minutes Defensive
Center Left Wing Right Wing Defense Defense
Miro Aaltonen Nikolay Goldobin Mathieu Joseph Mirco Mueller Ludwig Bystrom
Goaltenders
Starting : Elvis Merzlikins
Backup : Filip Gustavsson
Extra Forwards
Normal : Justin Bailey, Sam Reinhart, Brendan Lemieux - PP : Michael McLeod, Rem Pitlick - PK : Michael McLeod
Extra Defensemen
Normal : Mirco Mueller, Erik Cernak, Vladislav Gavrikov - PP : Vladislav Gavrikov - PK : Ludwig Bystrom, Vladislav Gavrikov
Penalty Shots
Nikolay Goldobin, Miro Aaltonen, Michael McLeod, Iiro Pakarinen, Rem Pitlick
Scratches
David Kase (Healthy), Jesse Graham (Healthy), Matthew Benning (Healthy), Mitchell Stephens (Healthy), Nathan Walker (Sprained Right Finger Injury)
Julien Gauthier (Healthy), Josh Mahura (Healthy), Max Jones (Healthy), Nathan Bastian (Healthy), Tim Gettinger (Healthy)
Joey Daccord (Healthy)
% Time on Ice - Bears
Lines # - Real PCT - Wanted PCT - Time Play
Normal Forward
1 - 30% - 27% - 15:35
2 - 25% - 25% - 13:23
3 - 24% - 25% - 12:34
4 - 21% - 23% - 11:15
Normal Defense
1 - 39% - 40% - 20:29
2 - 33% - 30% - 17:22
3 - 24% - 20% - 12:49
4 - 4% - 10% - 2:07
PP Forward
1 - 50% - 60% - 3:32
2 - 50% - 40% - 3:34
PP Defense
1 - 53% - 60% - 3:44
2 - 47% - 40% - 3:22
PK Forward
1 - 100% - 60% - 0:07
2 - 0% - 40% - 0:00
PK Defense
1 - 100% - 60% - 0:07
2 - 0% - 40% - 0:00
PK3 Forward
1 - 0% - 60%
2 - 0% - 40%
PK3 Defense
1 - 0% - 60%
2 - 0% - 40%
44 Forward
1 - 0% - 55%
2 - 0% - 45%
44 Defense
1 - 0% - 60%
2 - 0% - 40%
Last Minute Offensive - 0:00
Last Minute Defensive - 0:00
Total
Forward - 60:00
Defense - 60:00
|
% Time on Ice - Moose
Lines # - Real PCT - Wanted PCT - Time Play
Normal Forward
1 - 34% - 40% - 17:59
2 - 31% - 30% - 16:30
3 - 21% - 20% - 10:51
4 - 14% - 10% - 7:27
Normal Defense
1 - 41% - 40% - 21:36
2 - 31% - 30% - 16:12
3 - 21% - 20% - 10:57
4 - 8% - 10% - 4:02
PP Forward
1 - 100% - 60% - 0:07
2 - 0% - 40% - 0:00
PP Defense
1 - 100% - 60% - 0:07
2 - 0% - 40% - 0:00
PK Forward
1 - 83% - 60% - 5:54
2 - 17% - 40% - 1:12
PK Defense
1 - 52% - 60% - 3:41
2 - 48% - 40% - 3:25
PK3 Forward
1 - 0% - 60%
2 - 0% - 40%
PK3 Defense
1 - 0% - 60%
2 - 0% - 40%
44 Forward
1 - 0% - 60%
2 - 0% - 40%
44 Defense
1 - 0% - 60%
2 - 0% - 40%
Last Minute Offensive - 0:00
Last Minute Defensive - 0:00
Total
Forward - 60:00
Defense - 60:00
|
Play-by-Play
1st period
0:01 of 1st period - Miro Aaltonen wins face-off versus Sergey Kalinin in neutral zone.
0:05 of 1st period - Slapshot by Miro Aaltonen.
0:05 of 1st period - Shot Blocked by Joey Laleggia.
1:49 of 1st period - Wrist shot by Justin Bailey.
1:49 of 1st period - Shot Blocked by Derek Forbort.
2:35 of 1st period - Snap shot by Dominik Kahun.
2:35 of 1st period - Stopped by Jake Allen without a rebound.
2:36 of 1st period - Dominik Kahun wins face-off versus Sergey Kalinin in Bears zone.
2:59 of 1st period - Miro Aaltonen is hit by Jake Virtanen and loses puck.
3:20 of 1st period - Wrist shot by Zach Stepan.
3:20 of 1st period - Shot Misses the Net.
4:27 of 1st period - Backhand shot by Troy Stetcher.
4:27 of 1st period - Stopped by Jake Allen without a rebound.
4:28 of 1st period - Sergey Kalinin wins face-off versus Miro Aaltonen in Bears zone.
4:28 of 1st period - Sergey Kalinin is hit by Brendan Lemieux.
4:34 of 1st period - Snap shot by Sergey Kalinin.
4:34 of 1st period - Shot Misses the Net.
4:36 of 1st period - Snap shot by Sergey Kalinin.
4:36 of 1st period - Stopped by Elvis Merzlikins with a rebound.
4:38 of 1st period - Snap shot by Sergey Kalinin.
4:38 of 1st period - Stopped by Elvis Merzlikins without a rebound.
4:39 of 1st period - Miro Aaltonen wins face-off versus Dominik Simon in Moose zone.
5:35 of 1st period - Wrist shot by Nicolas Aube-Kubel.
5:35 of 1st period - Goal by Nicolas Aube-Kubel - Bears : 1 - Moose : 0.
5:36 of 1st period - Miro Aaltonen wins face-off versus Dominik Simon in neutral zone.
5:51 of 1st period - Wrist shot by Sam Reinhart.
5:51 of 1st period - Stopped by Jake Allen without a rebound.
5:52 of 1st period - Angelo Esposito wins face-off versus Dominik Kahun in Bears zone.
6:32 of 1st period - Wrist shot by Jamie McGinn.
6:32 of 1st period - Stopped by Elvis Merzlikins with a rebound.
6:34 of 1st period - Slapshot by Joey Laleggia.
6:34 of 1st period - Stopped by Elvis Merzlikins without a rebound.
6:35 of 1st period - Miro Aaltonen wins face-off versus Sergey Kalinin in Moose zone.
6:35 of 1st period - Miro Aaltonen is hit by Kerby Rychel.
7:08 of 1st period - Wrist shot by Iiro Pakarinen.
7:08 of 1st period - Shot Blocked by Mike Hoffman.
7:10 of 1st period - Snap shot by Iiro Pakarinen.
7:10 of 1st period - Shot Misses the Net.
7:26 of 1st period - Mirco Mueller is hit by Zach Stepan and loses puck.
7:55 of 1st period - Snap shot by Jamie McGinn.
7:55 of 1st period - Stopped by Elvis Merzlikins with a rebound.
8:11 of 1st period - Miro Aaltonen is hit by Austin Wuthrich and loses puck.
8:16 of 1st period - Snap shot by Zach Stepan.
8:16 of 1st period - Shot Misses the Net.
8:18 of 1st period - Slapshot by Taylor Aronson.
8:18 of 1st period - Stopped by Elvis Merzlikins with a rebound.
8:20 of 1st period - Snap shot by Austin Wuthrich.
8:20 of 1st period - Shot Blocked by Vladislav Gavrikov.
8:22 of 1st period - Wrist shot by Zach Stepan.
8:22 of 1st period - Goal by Zach Stepan - Bears : 2 - Moose : 0.
8:23 of 1st period - Dominik Kahun wins face-off versus Sergey Kalinin in neutral zone.
8:26 of 1st period - Taylor Aronson is hit by Mirco Mueller.
9:27 of 1st period - Mirco Mueller is hit by Nick Schmaltz and loses puck.
10:30 of 1st period - Justin Bailey is hit by Kerby Rychel.
11:10 of 1st period - Nick Schmaltz is hit by Mirco Mueller and loses puck.
11:25 of 1st period - Slapshot by Dominik Simon.
11:25 of 1st period - Stopped by Elvis Merzlikins without a rebound.
11:26 of 1st period - Jake Virtanen wins face-off versus Michael McLeod in Moose zone.
11:29 of 1st period - Snap shot by Jake Virtanen.
11:29 of 1st period - Deflect By Mike Hoffman.
11:29 of 1st period - Stopped by Elvis Merzlikins without a rebound.
11:30 of 1st period - Sergey Kalinin wins face-off versus Michael McLeod in Moose zone.
11:35 of 1st period - Slapshot by Nick Schmaltz.
11:35 of 1st period - Stopped by Elvis Merzlikins without a rebound.
11:36 of 1st period - Miro Aaltonen wins face-off versus Sergey Kalinin in Moose zone.
11:43 of 1st period - Snap shot by Kerby Rychel.
11:43 of 1st period - Stopped by Elvis Merzlikins with a rebound.
11:45 of 1st period - Snap shot by Sergey Kalinin.
11:45 of 1st period - Deflect By Kerby Rychel.
11:45 of 1st period - Shot Blocked by Mirco Mueller.
11:45 of 1st period - Puck is out of play.
11:46 of 1st period - Miro Aaltonen wins face-off versus Angelo Esposito in Moose zone.
11:56 of 1st period - Wrist shot by Angelo Esposito.
11:56 of 1st period - Stopped by Elvis Merzlikins with a rebound.
11:58 of 1st period - Wrist shot by Taylor Aronson.
11:58 of 1st period - Deflect By Jamie McGinn.
11:58 of 1st period - Shot Misses the Net.
11:58 of 1st period - Puck is out of play.
11:59 of 1st period - Angelo Esposito wins face-off versus Iiro Pakarinen in Moose zone.
12:02 of 1st period - Wrist shot by Jamie McGinn.
12:02 of 1st period - Stopped by Elvis Merzlikins with a rebound.
12:04 of 1st period - Slapshot by Nicolas Aube-Kubel.
12:04 of 1st period - Stopped by Elvis Merzlikins with a rebound.
12:06 of 1st period - Slapshot by Joey Laleggia.
12:06 of 1st period - Stopped by Elvis Merzlikins with a rebound.
12:10 of 1st period - Wrist shot by Jamie McGinn.
12:10 of 1st period - Shot Misses the Net.
12:12 of 1st period - Snap shot by Nicolas Aube-Kubel.
12:12 of 1st period - Shot Misses the Net.
12:14 of 1st period - Slapshot by Joey Laleggia.
12:14 of 1st period - Shot Misses the Net.
12:24 of 1st period - Joey Laleggia is hit by Brendan Lemieux and loses puck.
12:45 of 1st period - Mike Hoffman is hit by Mathieu Joseph and loses puck.
12:52 of 1st period - Tony DeAngelo is hit by Jake Virtanen and loses puck.
13:05 of 1st period - Wrist shot by Mathieu Joseph.
13:05 of 1st period - Shot Misses the Net.
13:09 of 1st period - Wrist shot by Iiro Pakarinen.
13:09 of 1st period - Stopped by Jake Allen with a rebound.
13:11 of 1st period - Slapshot by Tony DeAngelo.
13:11 of 1st period - Deflect By Iiro Pakarinen.
13:11 of 1st period - Stopped by Jake Allen with a rebound.
13:39 of 1st period - Wrist shot by Zach Stepan.
13:39 of 1st period - Shot Misses the Net.
14:03 of 1st period - Wrist shot by Jamie McGinn.
14:03 of 1st period - Stopped by Elvis Merzlikins with a rebound.
14:05 of 1st period - Slapshot by Tommy Vannelli.
14:05 of 1st period - Shot Misses the Net.
14:07 of 1st period - Snap shot by Jamie McGinn.
14:07 of 1st period - Shot Blocked by Mirco Mueller.
14:09 of 1st period - Slapshot by Tommy Vannelli.
14:09 of 1st period - Stopped by Elvis Merzlikins with a rebound.
14:11 of 1st period - Wrist shot by Zach Stepan.
14:11 of 1st period - Shot Blocked by Mathieu Joseph.
14:13 of 1st period - Slapshot by Tommy Vannelli.
14:13 of 1st period - Stopped by Elvis Merzlikins with a rebound.
14:23 of 1st period - Snap shot by Jamie McGinn.
14:23 of 1st period - Deflect By Zach Stepan.
14:23 of 1st period - Shot Misses the Net.
14:23 of 1st period - Puck is out of play.
14:24 of 1st period - Miro Aaltonen wins face-off versus Sergey Kalinin in Moose zone.
14:29 of 1st period - Wrist shot by Miro Aaltonen.
14:29 of 1st period - Stopped by Jake Allen with a rebound.
14:31 of 1st period - Backhand shot by Miro Aaltonen.
14:31 of 1st period - Stopped by Jake Allen without a rebound.
14:32 of 1st period - Sergey Kalinin wins face-off versus Miro Aaltonen in Bears zone.
15:22 of 1st period - Off-side.
15:23 of 1st period - Sergey Kalinin wins face-off versus Michael McLeod in neutral zone.
15:59 of 1st period - Snap shot by Justin Bailey.
15:59 of 1st period - Shot Blocked by Jamie McGinn.
16:29 of 1st period - Backhand shot by Miro Aaltonen.
16:29 of 1st period - Goal by Miro Aaltonen - Bears : 2 - Moose : 1.
16:30 of 1st period - Dominik Simon wins face-off versus Miro Aaltonen in neutral zone.
17:19 of 1st period - Jamie McGinn is hit by Tony DeAngelo and loses puck.
18:06 of 1st period - Mirco Mueller is hit by Austin Wuthrich and loses puck.
18:19 of 1st period - Tommy Vannelli is hit by Mirco Mueller and loses puck.
18:28 of 1st period - Wrist shot by Dominik Kahun.
18:28 of 1st period - Shot Blocked by Tommy Vannelli.
18:45 of 1st period - Nicolas Aube-Kubel is hit by Vladislav Gavrikov and loses puck.
18:52 of 1st period - Snap shot by Iiro Pakarinen.
18:52 of 1st period - Shot Misses the Net.
19:08 of 1st period - Dominik Simon is hit by Brendan Lemieux and loses puck.
19:31 of 1st period - Sergey Kalinin is hit by Vladislav Gavrikov and loses puck.
19:48 of 1st period - Rem Pitlick is hit by Jamie McGinn and loses puck.
Goals for this period are 2 for Bears vs 1 for Moose.
Shots for this period are 19 for Bears vs 8 for Moose.
2nd period
0:01 of 2nd period - Miro Aaltonen wins face-off versus Angelo Esposito in neutral zone.
0:06 of 2nd period - Wrist shot by Brendan Lemieux.
0:06 of 2nd period - Stopped by Jake Allen without a rebound.
0:07 of 2nd period - Miro Aaltonen wins face-off versus Angelo Esposito in Bears zone.
0:10 of 2nd period - Snap shot by Miro Aaltonen.
0:10 of 2nd period - Shot Misses the Net.
0:39 of 2nd period - Snap shot by Iiro Pakarinen.
0:39 of 2nd period - Deflect By Dominik Kahun.
0:39 of 2nd period - Stopped by Jake Allen with a rebound.
0:41 of 2nd period - Slapshot by Mirco Mueller.
0:41 of 2nd period - Deflect By Iiro Pakarinen.
0:41 of 2nd period - Stopped by Jake Allen without a rebound.
0:42 of 2nd period - Dominik Simon wins face-off versus Dominik Kahun in Bears zone.
0:47 of 2nd period - Snap shot by Iiro Pakarinen.
0:47 of 2nd period - Shot Blocked by Jake Virtanen.
0:49 of 2nd period - Slapshot by Tony DeAngelo.
0:49 of 2nd period - Deflect By Iiro Pakarinen.
0:49 of 2nd period - Shot Misses the Net.
0:49 of 2nd period - Puck is out of play.
0:50 of 2nd period - Dominik Simon wins face-off versus Dominik Kahun in Bears zone.
1:23 of 2nd period - Derek Forbort is hit by Iiro Pakarinen and loses puck.
2:37 of 2nd period - Wrist shot by Dominik Kahun.
2:37 of 2nd period - Stopped by Jake Allen without a rebound.
2:38 of 2nd period - Angelo Esposito wins face-off versus Miro Aaltonen in Bears zone.
2:38 of 2nd period - Angelo Esposito is hit by Brendan Lemieux.
2:49 of 2nd period - Minor Penalty to Troy Stetcher for Interference.
2:50 of 2nd period - Nick Schmaltz wins face-off versus Chase De Leo in Moose zone.
2:56 of 2nd period - Snap shot by Nick Schmaltz.
2:56 of 2nd period - Stopped by Elvis Merzlikins without a rebound.
2:57 of 2nd period - Chase De Leo wins face-off versus Sergey Kalinin in Moose zone.
3:06 of 2nd period - Snap shot by Nick Schmaltz.
3:06 of 2nd period - Shot Misses the Net.
3:08 of 2nd period - Slapshot by Taylor Aronson.
3:08 of 2nd period - Stopped by Elvis Merzlikins without a rebound.
3:09 of 2nd period - Chase De Leo wins face-off versus Sergey Kalinin in Moose zone.
3:24 of 2nd period - Snap shot by Brendan Lemieux.
3:24 of 2nd period - Shot Hit the Post.
4:16 of 2nd period - Jake Virtanen is hit by Michael McLeod and loses puck.
4:49 of 2nd period - Penalty to Troy Stetcher is over, Troy Stetcher is back on ice.
5:39 of 2nd period - Derek Forbort is hit by Dominik Kahun.
5:46 of 2nd period - Icing by Dominik Kahun.
5:47 of 2nd period - Sergey Kalinin wins face-off versus Dominik Kahun in Moose zone.
5:58 of 2nd period - Wrist shot by Jamie McGinn.
5:58 of 2nd period - Shot Misses the Net.
6:10 of 2nd period - Wrist shot by Miro Aaltonen.
6:10 of 2nd period - Stopped by Jake Allen with a rebound.
6:12 of 2nd period - Snap shot by Brendan Lemieux.
6:12 of 2nd period - Deflect By Sam Reinhart.
6:12 of 2nd period - Shot Blocked by Michael Prapavessis.
6:12 of 2nd period - Puck is out of play.
6:13 of 2nd period - Dominik Simon wins face-off versus Miro Aaltonen in Bears zone.
6:26 of 2nd period - Snap shot by Miro Aaltonen.
6:26 of 2nd period - Shot Blocked by Joey Laleggia.
6:40 of 2nd period - Wrist shot by Kerby Rychel.
6:40 of 2nd period - Stopped by Elvis Merzlikins with a rebound.
6:42 of 2nd period - Slapshot by Derek Forbort.
6:42 of 2nd period - Shot Misses the Net.
6:44 of 2nd period - Slapshot by Nick Schmaltz.
6:44 of 2nd period - Stopped by Elvis Merzlikins without a rebound.
6:45 of 2nd period - Angelo Esposito wins face-off versus Michael McLeod in Moose zone.
6:48 of 2nd period - Snap shot by Jamie McGinn.
6:48 of 2nd period - Shot Blocked by Tony DeAngelo.
6:50 of 2nd period - Slapshot by Gianluca Curcuruto.
6:50 of 2nd period - Stopped by Elvis Merzlikins with a rebound.
6:52 of 2nd period - Slapshot by Gianluca Curcuruto.
6:52 of 2nd period - Shot Blocked by Mathieu Joseph.
6:54 of 2nd period - Wrist shot by Angelo Esposito.
6:54 of 2nd period - Stopped by Elvis Merzlikins with a rebound.
6:56 of 2nd period - Slapshot by Angelo Esposito.
6:56 of 2nd period - Deflect By Jamie McGinn.
6:56 of 2nd period - Shot Blocked by Nikolay Goldobin.
6:56 of 2nd period - Puck is out of play.
6:57 of 2nd period - Brendan Lemieux wins face-off versus Angelo Esposito in Moose zone.
6:57 of 2nd period - Brendan Lemieux is hit by Joey Laleggia.
8:22 of 2nd period - Tommy Vannelli is hit by Chase De Leo and loses puck.
8:55 of 2nd period - Snap shot by Michael McLeod.
8:55 of 2nd period - Stopped by Jake Allen without a rebound.
8:56 of 2nd period - Michael McLeod wins face-off versus Dominik Simon in Bears zone.
8:57 of 2nd period - Snap shot by Nikolay Goldobin.
8:57 of 2nd period - Goal by Nikolay Goldobin - Bears : 2 - Moose : 2.
8:58 of 2nd period - Zach Stepan wins face-off versus Miro Aaltonen in neutral zone.
9:29 of 2nd period - Snap shot by Iiro Pakarinen.
9:29 of 2nd period - Shot Hit the Post.
9:31 of 2nd period - Wrist shot by Erik Cernak.
9:31 of 2nd period - Stopped by Jake Allen without a rebound.
9:32 of 2nd period - Sergey Kalinin wins face-off versus Miro Aaltonen in Bears zone.
9:48 of 2nd period - Wrist shot by Sam Reinhart.
9:48 of 2nd period - Stopped by Jake Allen with a rebound.
10:23 of 2nd period - Icing by Dominik Kahun.
10:24 of 2nd period - Dominik Kahun wins face-off versus Angelo Esposito in Moose zone.
10:24 of 2nd period - Dominik Kahun is hit by Nicolas Aube-Kubel.
10:33 of 2nd period - Icing by Vladislav Gavrikov.
10:34 of 2nd period - Sergey Kalinin wins face-off versus Dominik Kahun in Moose zone.
10:51 of 2nd period - Snap shot by Iiro Pakarinen.
10:51 of 2nd period - Stopped by Jake Allen with a rebound.
10:53 of 2nd period - Wrist shot by Justin Bailey.
10:53 of 2nd period - Goal by Justin Bailey - Bears : 2 - Moose : 3.
10:54 of 2nd period - Angelo Esposito wins face-off versus Brendan Lemieux in neutral zone.
11:01 of 2nd period - Snap shot by Joey Laleggia.
11:01 of 2nd period - Shot Blocked by Troy Stetcher.
11:34 of 2nd period - Minor Penalty to Michael McLeod for Hooking.
11:35 of 2nd period - Chase De Leo wins face-off versus Sergey Kalinin in Moose zone.
12:08 of 2nd period - Snap shot by Kerby Rychel.
12:08 of 2nd period - Stopped by Elvis Merzlikins without a rebound.
12:09 of 2nd period - Dominik Simon wins face-off versus Iiro Pakarinen in Moose zone.
12:22 of 2nd period - Slapshot by Kerby Rychel.
12:22 of 2nd period - Shot Blocked by Vladislav Gavrikov.
12:24 of 2nd period - Wrist shot by Tommy Vannelli.
12:24 of 2nd period - Deflect By Jake Virtanen.
12:24 of 2nd period - Stopped by Elvis Merzlikins with a rebound.
12:34 of 2nd period - Tommy Vannelli is hit by Vladislav Gavrikov and loses puck.
12:43 of 2nd period - Slapshot by Gianluca Curcuruto.
12:43 of 2nd period - Shot Blocked by Vladislav Gavrikov.
12:57 of 2nd period - Mirco Mueller is hit by Jake Virtanen and loses puck.
13:34 of 2nd period - Penalty to Michael McLeod is over, Michael McLeod is back on ice.
14:05 of 2nd period - Slapshot by Angelo Esposito.
14:05 of 2nd period - Shot Blocked by Troy Stetcher.
14:07 of 2nd period - Snap shot by Nicolas Aube-Kubel.
14:07 of 2nd period - Shot Blocked by Mirco Mueller.
15:16 of 2nd period - Michael Prapavessis is hit by Erik Cernak and loses puck.
15:56 of 2nd period - Gianluca Curcuruto is hit by Erik Cernak and loses puck.
17:00 of 2nd period - Icing by Mike Hoffman.
17:01 of 2nd period - Michael McLeod wins face-off versus Dominik Simon in Bears zone.
17:18 of 2nd period - Michael McLeod is hit by Jake Virtanen and loses puck.
17:37 of 2nd period - Slapshot by Mathieu Joseph.
17:37 of 2nd period - Shot Misses the Net.
17:39 of 2nd period - Wrist shot by Tony DeAngelo.
17:39 of 2nd period - Deflect By Michael McLeod.
17:39 of 2nd period - Shot Misses the Net.
17:39 of 2nd period - Puck is out of play.
17:40 of 2nd period - Jamie McGinn wins face-off versus Miro Aaltonen in Bears zone.
17:45 of 2nd period - Snap shot by Jamie McGinn.
17:45 of 2nd period - Stopped by Elvis Merzlikins with a rebound.
18:12 of 2nd period - Slapshot by Troy Stetcher.
18:12 of 2nd period - Stopped by Jake Allen without a rebound.
18:13 of 2nd period - Sergey Kalinin wins face-off versus Miro Aaltonen in Bears zone.
18:13 of 2nd period - Sergey Kalinin is hit by Brendan Lemieux.
18:41 of 2nd period - Slapshot by Troy Stetcher.
18:41 of 2nd period - Deflect By Nikolay Goldobin.
18:41 of 2nd period - Shot Misses the Net.
18:41 of 2nd period - Puck is out of play.
18:42 of 2nd period - Zach Stepan wins face-off versus Michael McLeod in Bears zone.
18:47 of 2nd period - Snap shot by Jamie McGinn.
18:47 of 2nd period - Shot Misses the Net.
18:49 of 2nd period - Snap shot by Taylor Aronson.
18:49 of 2nd period - Stopped by Elvis Merzlikins with a rebound.
18:51 of 2nd period - Wrist shot by Jamie McGinn.
18:51 of 2nd period - Stopped by Elvis Merzlikins without a rebound.
18:52 of 2nd period - Miro Aaltonen wins face-off versus Zach Stepan in Moose zone.
19:08 of 2nd period - Minor Penalty to Brendan Lemieux for Hooking.
19:09 of 2nd period - Sergey Kalinin wins face-off versus Chase De Leo in Moose zone.
19:12 of 2nd period - Wrist shot by Mike Hoffman.
19:12 of 2nd period - Goal by Mike Hoffman - Bears : 3 - Moose : 3.
19:13 of 2nd period - Angelo Esposito wins face-off versus Miro Aaltonen in neutral zone.
19:49 of 2nd period - Wrist shot by Kerby Rychel.
19:49 of 2nd period - Deflect By Nick Schmaltz.
19:49 of 2nd period - Stopped by Elvis Merzlikins with a rebound.
19:51 of 2nd period - Slapshot by Nick Schmaltz.
19:51 of 2nd period - Shot Misses the Net.
19:53 of 2nd period - Wrist shot by Nick Schmaltz.
19:53 of 2nd period - Stopped by Elvis Merzlikins without a rebound.
19:54 of 2nd period - Dominik Simon wins face-off versus Michael McLeod in Moose zone.
Goals for this period are 1 for Bears vs 2 for Moose.
Shots for this period are 14 for Bears vs 12 for Moose.
3rd period
0:01 of 3rd period - Zach Stepan wins face-off versus Miro Aaltonen in neutral zone.
0:06 of 3rd period - Snap shot by Jamie McGinn.
0:06 of 3rd period - Shot Blocked by Troy Stetcher.
0:28 of 3rd period - Icing by Iiro Pakarinen.
0:29 of 3rd period - Dominik Kahun wins face-off versus Sergey Kalinin in Moose zone.
1:30 of 3rd period - Snap shot by Nick Schmaltz.
1:30 of 3rd period - Stopped by Elvis Merzlikins without a rebound.
1:31 of 3rd period - Miro Aaltonen wins face-off versus Angelo Esposito in Moose zone.
1:49 of 3rd period - Minor Penalty to Jamie McGinn for Holding.
1:50 of 3rd period - Miro Aaltonen wins face-off versus Sergey Kalinin in Bears zone.
1:56 of 3rd period - Slapshot by Miro Aaltonen.
1:56 of 3rd period - Goal by Miro Aaltonen - Bears : 3 - Moose : 4.
1:57 of 3rd period - Miro Aaltonen wins face-off versus Zach Stepan in neutral zone.
2:00 of 3rd period - Slapshot by Tony DeAngelo.
2:00 of 3rd period - Shot Misses the Net.
2:19 of 3rd period - Icing by Miro Aaltonen.
2:20 of 3rd period - Dominik Simon wins face-off versus Miro Aaltonen in Moose zone.
2:21 of 3rd period - Wrist shot by Jake Virtanen.
2:21 of 3rd period - Deflect By Mike Hoffman.
2:21 of 3rd period - Deflect By Miro Aaltonen.
2:21 of 3rd period - Shot Misses the Net.
2:21 of 3rd period - Puck is out of play.
2:22 of 3rd period - Dominik Simon wins face-off versus Miro Aaltonen in Moose zone.
2:23 of 3rd period - Slapshot by Mike Hoffman.
2:23 of 3rd period - Stopped by Elvis Merzlikins with a rebound.
2:25 of 3rd period - Wrist shot by Jake Virtanen.
2:25 of 3rd period - Stopped by Elvis Merzlikins with a rebound.
2:27 of 3rd period - Slapshot by Michael Prapavessis.
2:27 of 3rd period - Stopped by Elvis Merzlikins with a rebound.
2:52 of 3rd period - Slapshot by Ludwig Bystrom.
2:52 of 3rd period - Stopped by Jake Allen with a rebound.
2:54 of 3rd period - Slapshot by Ludwig Bystrom.
2:54 of 3rd period - Stopped by Jake Allen with a rebound.
2:56 of 3rd period - Slapshot by Justin Bailey.
2:56 of 3rd period - Stopped by Jake Allen with a rebound.
3:34 of 3rd period - Snap shot by Brendan Lemieux.
3:34 of 3rd period - Shot Misses the Net.
3:46 of 3rd period - Icing by Dominik Kahun.
3:47 of 3rd period - Dominik Kahun wins face-off versus Dominik Simon in Moose zone.
4:10 of 3rd period - Dominik Kahun is hit by Jake Virtanen and loses puck.
4:35 of 3rd period - Snap shot by Mike Hoffman.
4:35 of 3rd period - Stopped by Elvis Merzlikins with a rebound.
4:37 of 3rd period - Wrist shot by Jake Virtanen.
4:37 of 3rd period - Stopped by Elvis Merzlikins with a rebound.
4:39 of 3rd period - Snap shot by Mike Hoffman.
4:39 of 3rd period - Stopped by Elvis Merzlikins with a rebound.
4:41 of 3rd period - Wrist shot by Dominik Simon.
4:41 of 3rd period - Shot Misses the Net.
4:43 of 3rd period - Slapshot by Gianluca Curcuruto.
4:43 of 3rd period - Stopped by Elvis Merzlikins without a rebound.
4:44 of 3rd period - Angelo Esposito wins face-off versus Miro Aaltonen in Moose zone.
5:11 of 3rd period - Taylor Aronson is hit by Mathieu Joseph and loses puck.
6:06 of 3rd period - Slapshot by Troy Stetcher.
6:06 of 3rd period - Shot Misses the Net.
6:24 of 3rd period - Slapshot by Nick Schmaltz.
6:24 of 3rd period - Stopped by Elvis Merzlikins without a rebound.
6:25 of 3rd period - Zach Stepan wins face-off versus Miro Aaltonen in Moose zone.
6:29 of 3rd period - Minor Penalty to Brendan Lemieux for High sticking.
6:30 of 3rd period - Jake Virtanen wins face-off versus Chase De Leo in Moose zone.
6:56 of 3rd period - Erik Cernak is hit by Mike Hoffman and loses puck.
8:29 of 3rd period - Penalty to Brendan Lemieux is over, Brendan Lemieux is back on ice.
9:25 of 3rd period - Slapshot by Ludwig Bystrom.
9:25 of 3rd period - Stopped by Jake Allen with a rebound.
9:27 of 3rd period - Wrist shot by Chase De Leo.
9:27 of 3rd period - Goal by Chase De Leo - Bears : 3 - Moose : 5.
9:28 of 3rd period - Chase De Leo wins face-off versus Dominik Simon in neutral zone.
10:01 of 3rd period - Snap shot by Sam Reinhart.
10:01 of 3rd period - Stopped by Jake Allen without a rebound.
10:02 of 3rd period - Angelo Esposito wins face-off versus Chase De Leo in Bears zone.
10:20 of 3rd period - Taylor Aronson is hit by Tony DeAngelo and loses puck.
11:38 of 3rd period - Dominik Simon is hit by Erik Cernak and loses puck.
11:55 of 3rd period - Justin Bailey is hit by Kerby Rychel and loses puck.
12:05 of 3rd period - Off-side.
12:06 of 3rd period - Chase De Leo wins face-off versus Angelo Esposito in neutral zone.
12:19 of 3rd period - Slapshot by Troy Stetcher.
12:19 of 3rd period - Shot Blocked by Derek Forbort.
12:29 of 3rd period - Jake Virtanen is hit by Brendan Lemieux and loses puck.
12:36 of 3rd period - Wrist shot by Brendan Lemieux.
12:36 of 3rd period - Stopped by Jake Allen with a rebound.
12:38 of 3rd period - Wrist shot by Brendan Lemieux.
12:38 of 3rd period - Goal by Brendan Lemieux - Bears : 3 - Moose : 6.
12:39 of 3rd period - Zach Stepan wins face-off versus Miro Aaltonen in neutral zone.
12:42 of 3rd period - Wrist shot by Austin Wuthrich.
12:42 of 3rd period - Shot Blocked by Tony DeAngelo.
12:50 of 3rd period - Snap shot by Sam Reinhart.
12:50 of 3rd period - Shot Blocked by Jamie McGinn.
12:52 of 3rd period - Snap shot by Miro Aaltonen.
12:52 of 3rd period - Stopped by Jake Allen without a rebound.
12:53 of 3rd period - Sam Reinhart wins face-off versus Nicolas Aube-Kubel in Bears zone.
13:39 of 3rd period - Gianluca Curcuruto is hit by Mathieu Joseph and loses puck.
15:22 of 3rd period - Slapshot by Dominik Simon.
15:22 of 3rd period - Shot Misses the Net.
17:02 of 3rd period - Icing by Tommy Vannelli.
17:03 of 3rd period - Sergey Kalinin wins face-off versus Miro Aaltonen in Bears zone.
17:48 of 3rd period - Ludwig Bystrom is hit by Taylor Aronson and loses puck.
17:56 of 3rd period - Minor Penalty to Mathieu Joseph for Roughing.
17:57 of 3rd period - Sergey Kalinin wins face-off versus Chase De Leo in Moose zone.
18:00 of 3rd period - Snap shot by Sergey Kalinin.
18:00 of 3rd period - Stopped by Elvis Merzlikins with a rebound.
18:25 of 3rd period - Off-side.
18:26 of 3rd period - Dominik Simon wins face-off versus Michael McLeod in neutral zone.
18:33 of 3rd period - Slapshot by Tommy Vannelli.
18:33 of 3rd period - Stopped by Elvis Merzlikins with a rebound.
19:01 of 3rd period - Slapshot by Taylor Aronson.
19:01 of 3rd period - Deflect By Dominik Simon.
19:01 of 3rd period - Goal by Dominik Simon - Bears : 4 - Moose : 6.
19:02 of 3rd period - Michael McLeod wins face-off versus Angelo Esposito in neutral zone.
19:28 of 3rd period - Taylor Aronson is hit by Troy Stetcher.
19:42 of 3rd period - Vladislav Gavrikov is hit by Nick Schmaltz and loses puck.
Goals for this period are 1 for Bears vs 3 for Moose.
Shots for this period are 12 for Bears vs 10 for Moose.